 Dungeon Crawl Stone Soup version 0.20.0-15-g7f486f2 (webtiles) character file.

114 AEnima420 the Grave Robber (level 4, -1/41 HPs)
             Began as an Ogre Necromancer on June 26, 2017.
             Slain by an orc
             ... wielding a +0 mace
              (9 damage)
             ... on level 3 of the Dungeon.
             The game lasted 00:11:45 (2512 turns).

AEnima420 the Grave Robber (Ogre Necromancer)       Turns: 2512, Time: 00:11:45

Health: -1/41      AC:  3    Str: 12    XL:     4   Next: 97%
Magic:  1/8        EV: 10    Int: 17    God:
Gold:   121        SH:  0    Dex:  9    Spells: 0/9 levels left

rFire    + . .     SeeInvis .   m - +0 club
rCold    x . .     Gourm    .   (no shield)
rNeg     . . .     Faith    .   p - +0 robe
rPois    .         Spirit   .   (helmet restricted)
rElec    .         Reflect  .   (no cloak)
rCorr    .         Harm     .   (gloves unavailable)
MR       .....                  (boots unavailable)
Stlth    ++........             (no amulet)
Regen    0.2/turn               d - ring of fire
MPRegen  0.2/turn               (no ring)

@: no status effects
A: unfitting armour, tough skin 1
a: no special abilities


You were on level 3 of the Dungeon.
You were not hungry.

You visited 1 branch of the dungeon, and saw 3 of its levels.

You collected 121 gold pieces.

Inventory:

Hand Weapons
 h - a +0 short sword
 m - a +0 club (weapon)
 n - a +0 hand crossbow
Armour
 a - a +0 robe
 e - a +0 pair of gloves
 i - a +0 pair of gloves
 p - a +0 robe (worn)
Jewellery
 d - a ring of fire (left hand)
Scrolls
 f - a scroll of enchant weapon {unknown}
 g - 2 scrolls of fog {unknown}
 k - 2 scrolls of remove curse {unknown}
 l - a scroll of blinking {unknown}
 q - a scroll of teleportation {unknown}
 r - a scroll of magic mapping {unknown}
 u - a scroll of identify {unknown}
Potions
 s - a potion of brilliance {unknown}
 t - a potion of cancellation {unknown}
Books
 b - a book of Necromancy

   Spells                             Type                      Level
   a - Pain                           Necromancy                   1
   b - Animate Skeleton               Necromancy                   1
   c - Vampiric Draining              Necromancy                   3
   d - Regeneration                   Charms/Necromancy            3
   e - Animate Dead                   Necromancy                   4
   f - Control Undead                 Necromancy                   4
Comestibles
 c - 2 bread rations
 j - a meat ration
 o - 4 chunks of flesh


   Skills:
 + Level 1.0 Fighting
 + Level 1.0 Maces & Flails
 + Level 2.4 Dodging
 + Level 1.8 Stealth
 * Level 3.3 Spellcasting
 * Level 4.3 Necromancy


You couldn't memorise any spells.
You knew the following spells:

 Your Spells              Type           Power        Failure   Level  Hunger
a - Pain                  Necr           ###.         2%          1    None
b - Animate Skeleton      Necr           N/A          2%          1    None
c - Vampiric Draining     Necr           ###.......   9%          3    ###....
d - Animate Dead          Necr           N/A          28%         4    ####...


Dungeon Overview and Level Annotations

Branches:
Dungeon (3/15)

Altars:
Ru
Uskayaw


Innate Abilities, Weirdness & Mutations

You are too large for most types of armour.
You have tough skin. (AC +1)


Message History

The orc hits you with a club. The orc hits you with a mace!
The orc hits you with a short sword.
* * * LOW HITPOINT WARNING * * *
The orc hits you but does no damage. The orc hits you with a club.
* * * LOW HITPOINT WARNING * * *
Some of the chunks of flesh in your inventory have rotted away.
The orc hits you but does no damage.
You closely miss the orc.
The orc is moderately wounded.
The orc hits you with a short sword.
* * * LOW HITPOINT WARNING * * *
The orc hits you but does no damage. The orc hits you with a short sword.
* * * LOW HITPOINT WARNING * * *
You barely miss the orc.
The orc is moderately wounded.
The orc barely misses you. The orc closely misses you.
You closely miss the orc.
The orc is moderately wounded.
The orc hits you with a mace!
You die...

#.##############
#>..Z..........#
##
##.###########.#
#. #.# #Z# #.
#### #.## #.# #Z
##...##..#
#####.####.
##.....##.#
#..........
#......o#o#
#.###.####.
#..._..oo@# #.#
#. #......b###
#†# #. ##.....##
#. #.# #. ##...#
#.# ..# #. ####
#.. .#####. ..#.
..... ... #.
##.#######
##...##....


You could see 4 orcs and a bat.

Vanquished Creatures
  A gnoll (D:1)
  3 adders
  2 worms (D:2)
  5 orcs (D:3)
  5 giant cockroaches
  7 goblins
  6 hobgoblins
  3 jackals (D:2)
  A quokka (D:2)
  6 bats
  2 frilled lizards
  4 kobolds
  2 rats (D:2)
47 creatures vanquished.

Vanquished Creatures (collateral kills)
  An adder (D:2)
  An ooze (D:2)
  3 giant cockroaches
  A hobgoblin (D:1)
  A kobold (D:1)
  A rat (D:2)
8 creatures vanquished.

Grand Total: 55 creatures vanquished

Notes
Turn   | Place    | Note
-------+----------+-------------------------------------------
     0 | D:1      | AEnima420 the Ogre Necromancer began the quest for the Orb.
     0 | D:1      | Reached XP level 1. HP: 16/16 MP: 3/3
    99 | D:1      | Learned a level 1 spell: Animate Skeleton
   506 | D:1      | Reached XP level 2. HP: 19/24 MP: 3/5
   930 | D:1      | Reached skill level 4 in Necromancy
   930 | D:1      | Reached XP level 3. HP: 22/32 MP: 0/7
  1587 | D:2      | Found a hide-covered altar of Uskayaw.
  1706 | D:2      | Reached XP level 4. HP: 24/40 MP: 3/8
  2172 | D:2      | Reached skill level 1 in Maces & Flails
  2433 | D:3      | Learned a level 3 spell: Vampiric Draining
  2438 | D:3      | Learned a level 4 spell: Animate Dead
  2494 | D:3      | Found a sacrificial altar of Ru.
  2498 | D:3      | Reached skill level 1 in Fighting
  2512 | D:3      | Slain by an orc

Skill      XL: |  1  2  3  4 |
---------------+-------------+-----
Dodging        | 2 |  2.4
Necromancy     | 4 |  4.3
Spellcasting   | 3 |  3.3
Maces & Flails | 1 |  1.0
Fighting       | 1 |  1.0
Stealth        | |  1.8

Action                   |  1- 3 |  4- 6 || total
-------------------------+-------+-------++-------
Melee: Unarmed           |    24 |       ||    24
       Club              |    16 |    38 ||    54
 Cast: Pain              |    58 |    38 ||    96
       Animate Skeleton  |    12 |     9 ||    21
  Eat: Chunk             |     2 |     1 ||     3
       Royal jelly       |     1 |       ||     1
Armor: Robe              |    17 |    27 ||    44
Dodge: Dodged            |    30 |    32 ||    62
